 Dungeon Crawl Stone Soup version 0.27-a0-972-gd1521fd518 (webtiles) character file.

Game seed: 5904161967338469448

232 spiderkeys the Distorting Demonspawn (level 5, -10/42 HPs)
             Began as a Demonspawn Abyssal Knight on Apr 14, 2021.
             Was a Believer of Lugonu.
             Mangled by an orc wizard
             ... wielding a +2 dagger of electrocution
              (11 damage)
             ... on level 6 of the Dungeon.
             The game lasted 00:03:31 (2262 turns).

spiderkeys the Distorting Demonspawn (DsAK)         Turns: 2262, Time: 00:03:31

Health: -10/42     AC: 14    Str: 13    XL:     5   Next: 73%
Magic:  7/7        EV:  6    Int: 14    God:    Lugonu [**....]
Gold:   132        SH:  0    Dex: 12    Spells: 4/4 levels left

rFire    . . .     SeeInvis .   c - +2 demon trident (freeze)
rCold    . . .     Faith    .   (no shield)
rNeg     . . .     Spirit   .   d - +0 chain mail
rPois    .         Reflect  .   k - +2 helmet
rElec    .         Harm     .   (no cloak)
rCorr    .         Rampage  .   (no gloves)
Will     .....                  (no boots)
Stlth    ..........             (no amulet)
HPRegen  0.14/turn              (no ring)
MPRegen  0.10/turn              (no ring)

@: brilliant, invisible
A: talons 1, slimy green scales 1
a: Renounce Religion, Depart the Abyss, Bend Space


You were on level 6 of the Dungeon.
You worshipped Lugonu.
Lugonu was pleased with you.
You visited 1 branch of the dungeon, and saw 5 of its levels.
You visited the Abyss 1 time.

You collected 132 gold pieces.

Inventory:

Hand Weapons
 a - a +1 spear
 c - a +2 demon trident of freezing (weapon)
Armour
 d - a +0 chain mail (worn)
 k - a +2 helmet (worn)
Scrolls
 b - a scroll of teleportation
 h - a scroll of torment {unknown}
Potions
 e - 2 potions of flight
 g - a potion of invisibility


   Skills:
 + Level 3.8 Fighting
 * Level 3.4 Polearms
 + Level 2.7 Armour
 + Level 2.1 Dodging
 + Level 3.9 Invocations


You had 4 spell levels left.
You didn't know any spells.
Your spell library contained the following spells:

 Spells                   Type           Power      Damage    Failure   Level
 Magic Dart               Conj           0%         1d3       100%        1
 Blink                    Tloc           N/A        N/A       100%        2
 Call Imp                 Summ           0%         N/A       100%        2
 Slow                     Hex            0%         N/A       100%        2
 Conjure Flame            Conj/Fire      0%         6-21      100%        3
 Mephitic Cloud           Conj/Pois/Air  0%         N/A       100%        3


Dungeon Overview and Level Annotations

Branches:
Dungeon (4/15)
 Temple: D:4-7

Altars:
Okawaru


Innate Abilities, Weirdness & Mutations

You have sharp toenails.
You are partially covered in slimy green scales. (AC +2)


Message History

The scorpion is severely wounded.
You feel sick. The scorpion barely misses you. The scorpion stings you.
You are more poisoned.
The scorpion poisons you!
You closely miss the scorpion. Your kick misses the scorpion.
The scorpion is severely wounded.
You feel very sick. The scorpion stings you.
You hit the scorpion. You freeze the scorpion.
You kill the scorpion!
Lugonu accepts your kill.
You feel very sick. Something hits you but does no damage.
You are electrocuted!!
* * * LOW HITPOINT WARNING * * *
Your Dodging skill increases to level 2!
You feel much better.
You feel sick. Something hits you but does no damage.
You miss something. You claw something.
You feel sick.
You hear some strange, mumbled words.
Something tries to affect you, but you resist.
You miss something. You claw something.
You feel sick. Something hits you but does no damage.
You are electrocuted!
* * * LOW HITPOINT WARNING * * *
Okay, then.
You miss something.
You feel sick. Something hits you.
* * * LOW HITPOINT WARNING * * *
The orc wizard gestures at you while chanting.
The puff of flame hits something.
You hit something. You freeze something. You claw something.
You feel sick. Something hits you.
* * * LOW HITPOINT WARNING * * *
It was a potion of brilliance.
You feel clever all of a sudden.
* * * LOW HITPOINT WARNING * * *
You feel sick. Something hits you but does no damage.
You fade into invisibility!
* * * LOW HITPOINT WARNING * * *
You feel sick.
You are no longer poisoned.
Something hits you but does no damage.
You are electrocuted!
You die...

## ..
#####.#
#@.>..#
##).#.#
!.o......#
...o.##o.#
..{. #..#
... ...#
## #...
#..# ####


You could see an orc wizard.

Vanquished Creatures
  A scorpion (D:6)
  A hound (D:6)
  A centaur skeleton (D:4)
  Jessica (D:2)
  An adder (D:3)
  4 worms (D:3)
  An orc (D:6)
  A bat (D:2)
  9 endoplasms
  4 giant cockroaches
  4 goblins
  6 hobgoblins
  9 jackals
  5 kobolds
  A quokka (D:3)
  3 ball pythons
  4 frilled lizards
  3 rats
59 creatures vanquished.

Vanquished Creatures (others)
  2 plants (D:4)
2 creatures vanquished.

Grand Total: 61 creatures vanquished

Notes
Turn   | Place    | Note
-------+----------+-------------------------------------------
     0 | Abyss:1  | spiderkeys the Demonspawn Abyssal Knight began the quest
                  | for the Orb.
     0 | Abyss:1  | Reached XP level 1. HP: 18/18 MP: 2/2
    50 | Abyss:2  | Noticed an iron imp
    52 | Abyss:2  | Noticed an apocalypse crab
    53 | D:1      | Escaped the Abyss
   211 | D:1      | Reached skill level 1 in Dodging
   217 | D:1      | Reached * piety under Lugonu
   218 | D:1      | Gained mutation: You have sharp toenails. [demonic
                  | ancestry]
   218 | D:1      | Reached XP level 2. HP: 22/24 MP: 3/3
   625 | D:2      | Found a faded altar of an unknown god.
   676 | D:2      | Found an iron altar of Okawaru.
   787 | D:2      | Reached XP level 3. HP: 29/29 MP: 5/5
   973 | D:2      | Noticed Jessica
   978 | D:2      | Killed Jessica
  1491 | D:3      | Gained mutation: You are partially covered in slimy green
                  | scales. (AC +2) [demonic ancestry]
  1491 | D:3      | Reached XP level 4. HP: 35/35 MP: 6/6
  1893 | D:3      | Reached ** piety under Lugonu
  2110 | D:4      | Reached XP level 5. HP: 32/41 MP: 7/7
  2242 | D:4      | You fall into a shaft and drop 2 floors!
  2255 | D:6      | HP: 1/42 [something (18)]
  2261 | D:6      | HP: 2/42 [poisoned by a scorpion]
  2262 | D:6      | Mangled by an orc wizard

Illustrated notes

Levels and vault maps discovered:
D:1:      lemuel_arrival_behind_the_door_large, layout_rooms, minmay_bisected
D:2:      layout_loops_ring, shapermc_ecumenical_altar_venn, basic_altar,
          uniq_jessica
D:3:      minmay_evil_eye, layout_rooms
D:4:      layout_rooms, slow_altar_1, serial_bayou_lagoon_a
D:6:      layout_basic, serial_shops, shop, kennysheep_small_spiral,
          dk_noncrumbling_2

Skill      XL: |  1  2  3  4  5 |
---------------+----------------+-----
Polearms       | 2 3 |  3.4
Dodging        | 1 2 |  2.1
Armour         | 2 |  2.7
Invocations    | 3 |  3.9
Fighting       | |  3.8

Action                   |  1- 3 |  4- 6 || total
-------------------------+-------+-------++-------
Melee: Demon trident     |    59 |    61 ||   120
       Kick              |     3 |    17 ||    20
Invok: Depart the Abyss  |     1 |       ||     1
  Use: Scroll            |     1 |     7 ||     8
       Potion            |       |     3 ||     3
Armor: Leather armour    |     5 |       ||     5
       Chain mail        |     9 |    30 ||    39
Dodge: Dodged            |     8 |    14 ||    22

Table legend: (Time is in decaauts)
 A = Elapsed time spent in this place.
 B = Non-inter-level travel time spent in this place.
 C = Inter-level travel time spent in this place.
 D = Time resting spent in this place.
 E = Time spent auto-exploring this place.
 F = Levels seen in this place.
 G = Mean time per level.
                   A        B        C        D        E       F      G
               +--------+--------+--------+--------+--------+-----+--------+
         Total |   2280 |   2219 |     61 |      0 |   1849 |   7 |  325.7 |
       Dungeon |   2228 |   2167 |     61 |      0 |   1841 |   5 |  445.6 |
         Abyss |     52 |     52 |      0 |      0 |      8 |   2 |   26.0 |
               +--------+--------+--------+--------+--------+-----+--------+

Top non-repeatable levels by time:
     D:2: 863 daAuts
     D:3: 591 daAuts
     D:1: 572 daAuts
     D:4: 179 daAuts
 Abyss:1: 28 daAuts
 Abyss:2: 24 daAuts
     D:6: 21 daAuts
